 Dungeon Crawl Stone Soup version 0.30-a0-325-gb515db48ae (webtiles) character file.

Game seed: 11193403168150860551

7591 MrRokkomies the Basher (level 10, -35/96 HPs)
             Began as an Armataur Reaver on Oct 28, 2022.
             Was a High Priest of Cheibriados.
             Annihilated by an ettin
             ... wielding a +0 dire flail
              (44 damage)
             ... on level 1 of the Orcish Mines.
             The game lasted 00:20:32 (11150 turns).

MrRokkomies the Basher (Armataur Reaver)           Turns: 11150, Time: 00:20:33

Health: -35/96     AC: 12    Str: 42    XL:     10   Next: 97%
Magic:  14/14      EV: 11    Int: 29    God:    Cheibriados [*****.]
Gold:   264        SH:  0    Dex: 20    Spells: 3/12 levels left

rFire   . . .      SeeInvis .    a - +11 trident of Sharp Defiance {vorpal, rElec Str+5}
rCold   + . .      Faith    +    (no shield)
rNeg    . . .      Spirit   .    J - +2 ring mail of Chimes {rElec}
rPois   .          Reflect  .    (no helmet)
rElec   +          Harm     .    s - +1 cloak
rCorr   .          Roll     +    p - +0 pair of gloves
Will    .....                    (no barding)
Stlth   +.........               c - amulet of faith
HPRegen 0.36/turn                g - ring of protection from cold
MPRegen 0.14/turn                j - +6 ring of strength

@: very slow
A: large, rugged brown scales 3, deformed body, armoured tail, roll, long
tongue, awkward tongue
a: Renounce Religion, Bend Time, Temporal Distortion, Slouch, Step From Time


You were on level 1 of the Orcish Mines.
You worshipped Cheibriados.
Cheibriados was extremely pleased with you.
You visited 3 branches of the dungeon, and saw 13 of its levels.

You collected 673 gold pieces.
You spent 409 gold pieces at shops.

Inventory:

Hand Weapons
 a - the +11 trident of Sharp Defiance (weapon) {vorpal, rElec Str+5}
   (You found it on level 10 of the Dungeon)

   It inflicts extra damage upon your enemies.
   Str:       It affects your strength (+5).
   rElec:     It insulates you from electricity.
 b - a +0 great mace
 y - a +0 morningstar
 C - a +1 mace of protection
Missiles
 o - a throwing net
Armour
 i - a +0 scale mail
 p - a +0 pair of gloves (worn)
 s - a +1 cloak (worn)
 t - +0 steam dragon scales
 J - the +2 ring mail of Chimes (worn) {rElec}
   (You bought it in a shop on level 10 of the Dungeon)

   rElec:     It insulates you from electricity.
Magical Staves
 B - a staff of conjuration
Jewellery
 c - an amulet of faith (around neck)
 g - a ring of protection from cold (left hand)
 j - a +6 ring of strength (right hand)
 n - a ring of poison resistance
 u - a ring of flight
 v - an amulet of guardian spirit
 G - a ring of wizardry
 N - a +6 ring of intelligence
Wands
 e - a wand of quicksilver (7)
 f - a wand of polymorph (2)
 q - a wand of roots (12)
 x - a wand of mindburst (23)
 K - a wand of charming (6)
Scrolls
 d - 4 scrolls of teleportation
 z - 4 scrolls of enchant weapon
 F - a scroll of amnesia
 H - a scroll of blinking
 I - a scroll of enchant armour
 M - a scroll of fear
Potions
 h - a potion of haste {unknown}
 k - 5 potions of attraction
 l - 2 potions of berserk rage {unknown}
 m - a potion of heal wounds
 r - 4 potions of curing
 w - a potion of might {unknown}
 D - a potion of mutation {unknown}
 E - a potion of flight {unknown}
 L - a potion of cancellation {unknown}


   Skills:
 * Level 8.7 Fighting
 * Level 9.1 Maces & Flails
 - Level 5.3 Armour
 + Level 3.6 Dodging
 - Level 1.7 Spellcasting
 - Level 6.0 Conjurations
 + Level 2.1 Translocations
 + Level 5.5 Invocations


You had 3 spell levels left.
You knew the following spells:

 Your Spells              Type           Power      Damage    Failure   Level
a - Kiss of Death         Conj/Necr      76%        2d11      3%          1
b - Momentum Strike       Conj/Tloc      52%        3d9       3%          2
c - Searing Ray           Conj           74%        2d7       1%          2
d - Iskenderun's Mystic   Conj/Tloc      26%        2d7       21%         4

Your spell library contained the following spells:

 Spells                   Type           Power      Damage    Failure   Level
 Magic Dart               Conj           100%       1d8       1%          1
 Hailstorm                Conj/Ice       19%        3d6       10%         3
 Beastly Appendage        Tmut           4%         N/A       11%         1
 Mephitic Cloud           Conj/Pois/Air  14%        N/A       14%         3
 Call Imp                 Summ           2%         N/A       17%         2
 Wereblood                Tmut           2%         N/A       17%         2
 Kindle Blastsparks       Fire/Tloc/Air  12%        2d11      26%         3
 Ozocubu's Armour         Ice            2%         N/A       32%         3
 Spider Form              Tmut/Pois      2%         N/A       32%         3
 Tukima's Dance           Hex            2%         N/A       32%         3
 Fulminant Prism          Conj/Hex       9%         3d7       32%         4
 Passage of Golubria      Tloc           15%        N/A       41%         4
 Ice Form                 Ice/Tmut       2%         N/A       73%         4
 Summon Forest            Summ/Tloc      4%         N/A       89%         5
 Lee's Rapid Deconstruct  Erth           1%         3d4*      97%         5
 Yara's Violent Unravell  Hex/Tmut       1%         3d3       97%         5
 Malign Gateway           Summ/Tloc      4%         N/A       100%        7
 Ozocubu's Refrigeration  Ice            1%         4d7       100%        7


Dungeon Overview and Level Annotations

Branches:
Dungeon (11/15)            Temple (1/1) D:4            Lair (0/5) D:9
    Orc (1/2) D:11

Altars:
Ashenzari
Cheibriados
Dithmenos
Elyvilon
Fedhas
Gozag
Hepliaklqana
Kikubaaqudgha
Makhleb
Nemelex Xobeh
Okawaru
Qazlal
Ru
Sif Muna
Trog
Uskayaw
Vehumet
Wu Jian
Xom
Yredelemnul
Zin
The Shining One

Shops:
D:5 (   D:10 **

Annotations:
D:6 2 transporters, Harunobu's ghost, novice MiMo


Innate Abilities, Weirdness & Mutations

You are completely covered in rugged brown scales. (AC +3, +7% HP)
Armour fits poorly on your strangely shaped body.
You have a long armoured tail.
You roll when moving toward enemies. (Rampage)
Your long tongue fully drains potion bottles. (2x potion effects)
Your tongue gives you trouble enunciating. (1.5x scroll delay)


Message History

HP restored.
Done exploring.
Done exploring.
(D) Dungeon (T) Temple (L) Lair (O) Orcish Mines
Where to? (Enter - D:11, ? - help)
What level of the Orcish Mines? (default 1, ? - help)
There is an open door here.
There is a staircase to the Orcish Mines here.
You climb downwards.
Welcome to the Orcish Mines!
You feel a wave of frost pass over you.
There is an entrance to an ice cave on this level.
Hurry and find it before the portal melts!
Found 33 gold pieces.
There is a staircase back to the Dungeon here.
Okay, then.
You now have 264 gold pieces (gained 12).
A sourceless malevolence fills the Orcish Mines... and a teleportation trap spontaneously manifests!
You are yanked towards a nearby monster!
Your surroundings suddenly seem different.
An ettin comes into view.
It is wielding a +0 dire flail and a +0 great mace.
Found 62 gold pieces.
Found a stone staircase leading down.
The ettin shouts in stereo!
Throw: 2 throwing nets
Press: ? - help, Shift-Dir - straight line, f - ettin
Aim: an ettin, wielding a +0 dire flail and a +0 great mace (85% to hit, immune to nets)
You throw a throwing net. The throwing net hits the ettin.
The ettin is too large for the net to hold!
The ettin closely misses you.
The ettin hits you with a +0 great mace!!
As you slowly read the scroll of summoning, it crumbles to dust.
Wisps of shadow whirl around you... The ettin barely misses you.
The ettin hits you but does no damage. The ettin attacks as you move away!
The ettin hits you but does no damage.
The ettin hits you with a +0 great mace!!
Found 11 gold pieces.
Your orc warrior hits the ettin from afar with a +0 trident.
Your orc barely misses the ettin.
The ettin hits you with a +0 dire flail!!
* * * LOW HITPOINT WARNING * * *
The ettin hits you with a +0 great mace!!!
You die...

#####
....#
#...#
$...#.#
##O......
###C#
#.@o#
#..o#
#.o..#
......#
.##....#
# #$...#
#....#
#$...#
###+#+#


You could see an ettin (ally target), a friendly orc warrior (summoned), a
friendly ogre (summoned) and 2 friendly orcs.

Vanquished Creatures
  A two-headed ogre (D:11)
  3 kobold demonologists
  2 trolls (D:10)
  A wraith (D:10)
  Eustachio (D:6)
  13 yaks
  2 steam dragons (D:8)
  A water moccasin (D:7)
  An ice beast (D:8)
  4 orc warriors
  A sky beast (D:7)
  2 ogres
  A centaur (D:11)
  4 kobold brigands
  6 bullfrogs
  2 scorpions
  2 necrophages
  9 killer bees
  2 howler monkeys
  5 hounds
  10 orc priests
  5 iguanas
  15 orc wizards
  5 adders
  5 gnolls
  2 worms
  A dart slug (D:4)
  52 orcs
  4 bats
  3 endoplasms
  4 giant cockroaches
  3 goblins
  5 hobgoblins
  8 jackals
  2 quokkas
  4 ball pythons
  4 frilled lizards
  24 kobolds
  3 rats
222 creatures vanquished.

Vanquished Creatures (collateral kills)
  An adder (D:3)
  A goblin (D:3)
2 creatures vanquished.

Vanquished Creatures (others)
  A killer bee (D:10)
  An orc priest (D:11)
2 creatures vanquished.

Grand Total: 226 creatures vanquished

Notes
Turn   | Place    | Note
-------+----------+-------------------------------------------
     0 | D:1      | MrRokkomies the Armataur Reaver began the quest for the
                  | Orb.
     0 | D:1      | Reached XP level 1. HP: 18/18 MP: 3/3
   197 | D:1      | Reached XP level 2. HP: 22/25 MP: 4/4
   294 | D:1      | Reached skill level 3 in Maces & Flails
   954 | D:2      | Found a faded altar of an unknown god.
  1239 | D:2      | Reached skill level 1 in Armour
  1312 | D:2      | Reached XP level 3. HP: 13/32 MP: 5/5
  1626 | D:2      | Found a white marble altar of Elyvilon.
  2034 | D:3      | Reached XP level 4. HP: 30/39 MP: 6/6
  2082 | D:3      | Found a hazy altar of Hepliaklqana.
  2536 | D:4      | Noticed a necrophage
  2543 | D:4      | Killed a necrophage
  2544 | D:4      | Reached XP level 5. HP: 48/48 MP: 7/7
  2706 | D:4      | Reached skill level 4 in Maces & Flails
  2798 | D:4      | You fall into a shaft and drop 2 floors!
  2815 | D:6      | Found a radiant altar of Vehumet.
  2858 | D:6      | Found a shimmering altar of Xom.
  2905 | D:6      | Reached XP level 6. HP: 50/55 MP: 8/8
  3096 | D:6      | Found a transporter.
  3100 | D:6      | Noticed a two-headed ogre
  3100 | D:5      | Entered Level 5 of the Dungeon
  3331 | D:4      | Reached XP level 7. HP: 63/63 MP: 9/9
  3394 | D:4      | Found a staircase to the Ecumenical Temple.
  3452 | Temple   | Entered the Ecumenical Temple
  3571 | Temple   | Became a worshipper of Cheibriados the Contemplative
  4006 | D:4      | Reached skill level 5 in Maces & Flails
  4231 | D:5      | Found Jituibupp's Antique Weapon Shoppe.
  4235 | D:5      | Bought a great mace for 175 gold pieces
  4419 | D:6      | Noticed Harunobu's ghost (novice MiMo)
  4423 | D:6      | Noticed a cyclops
  4431 | D:6      | Reached skill level 1 in Invocations
  4468 | D:6      | Found a transporter.
  4534 | D:6      | Reached skill level 5 in Fighting
  4831 | D:6      | Noticed Eustachio
  4867 | D:6      | Killed Eustachio
  4868 | D:6      | Reached XP level 8. HP: 49/70 MP: 8/10
  5013 | D:6      | Reached * piety under Cheibriados
  5166 | D:7      | Reached skill level 6 in Maces & Flails
  5545 | D:7      | Reached skill level 5 in Armour
  5885 | D:8      | Reached ** piety under Cheibriados
  5886 | D:8      | Reached XP level 9. HP: 67/80 MP: 11/11
  6068 | D:8      | Reached skill level 5 in Conjurations
  6575 | D:8      | Got Lauff's Anthology of Reformation and the Flock
  6797 | D:9      | Reached skill level 7 in Maces & Flails
  6914 | D:9      | Reached *** piety under Cheibriados
  7070 | D:9      | Learned a level 2 spell: Momentum Strike
  7073 | D:9      | Learned a level 2 spell: Searing Ray
  7078 | D:9      | Learned a level 4 spell: Iskenderun's Mystic Blast
  7098 | D:9      | Found a staircase to the Lair.
  7988 | D:9      | Found a glowing silver altar of Zin.
  8074 | D:10     | Entered Level 10 of the Dungeon
  8183 | D:10     | Noticed a troll
  8201 | D:10     | Killed a troll
  8372 | D:10     | Found Leipizuill's Overcharged Wands.
  8404 | D:10     | Identified the +11 trident of Sharp Defiance {vorpal, rElec
                  | Str+5}
  8425 | D:10     | Noticed a troll
  8443 | D:10     | Killed a troll
  8444 | D:10     | Reached XP level 10. HP: 39/92 MP: 13/13
  8692 | D:10     | Reached **** piety under Cheibriados
  8806 | D:10     | Found Zerakuwk's Assorted Antiques.
  8814 | D:10     | Bought an ichor-stained ring mail for 234 gold pieces
  8814 | D:10     | Identified the +2 ring mail of Chimes {rElec} (You bought
                  | it in a shop on level 10 of the Dungeon)
  8926 | D:10     | Noticed a smoke demon
  8926 | D:10     | Noticed a rust devil
  9237 | D:10     | Noticed a smoke demon
  9241 | D:10     | Reached skill level 8 in Maces & Flails
  9730 | D:11     | Found a staircase to the Orcish Mines.
  9761 | D:11     | Reached ***** piety under Cheibriados
  9858 | D:11     | Noticed an orange demon
  9872 | D:11     | Noticed a two-headed ogre
 10070 | D:11     | Killed a two-headed ogre
 10071 | D:11     | Reached skill level 1 in Translocations
 10071 | D:11     | Reached skill level 5 in Invocations
 10356 | D:11     | Reached skill level 9 in Maces & Flails
 11141 | Orc:1    | Entered Level 1 of the Orcish Mines
 11147 | Orc:1    | Noticed an ettin
 11150 | Orc:1    | Annihilated by an ettin

Illustrated notes

Levels and vault maps discovered:
D:1:      roderic_crossed_star, layout_basic
D:2:      layout_basic, basic_ecumenical_altar, basic_altar, minmay_mini_jars
D:3:      layout_basic, mainiacjoe_overflow_surrounded_room,
          grunt_decor_arrowhead
D:4:      layout_basic, minmay_temple_entry_butterflies
D:5:      layout_cave_pools, serial_shops, shop
D:6:      layout_rooms, mainiacjoe_overflow_two_lobes, gammafunk_ghost_arena,
          uniq_eustachio
D:7:      layout_gridville
D:8:      layout_basic
D:9:      layout_long_grid, zin_scriptorium, lair_entry_dummy
D:10:     layout_stronghold, serial_shops,
          nicolae_shop_competitors_out_of_business,
          nicolae_shop_overcharged_wands
D:11:     layout_long_grid, hiddenorc2_lemuel, nicolae_elevator_lobby_plus
Temple:   mainiacjoe_temple_coin_purse
Orc:1:    layout_diamond_mine, portal_ice_cave_demonic_guard

Skill      XL: |  1  2  3  4  5  6  7  8  9 10 |
---------------+-------------------------------+-----
Fighting       | 2 3 4 5 6 7 8 |  8.7
Maces & Flails | 3 4 5 6 7 9 |  9.1
Armour         | 1 2 3 4 5 |  5.3
Conjurations   | 3 4 5 6 |  6.0
Invocations    | 1 3 4 5 |  5.5
Dodging        | 2 3 |  3.6
Translocations | 2 |  2.1
Spellcasting   | |  1.7

Action                   |  1- 3 |  4- 6 |  7- 9 | 10-12 || total
-------------------------+-------+-------+-------+-------++-------
Melee: Mace              |    83 |   117 |   450 |       ||   650
       Tailslap          |    11 |    10 |    65 |    16 ||   102
       Punch             |     1 |     1 |     3 |       ||     5
       Trident           |       |       |       |   158 ||   158
Throw: Throwing net      |       |       |       |     1 ||     1
 Cast: Kiss of Death     |       |     1 |     1 |     1 ||     3
       Momentum Strike   |       |       |     3 |     2 ||     5
  Use: Scroll            |     8 |       |     9 |     2 ||    19
       Potion            |       |       |     2 |     1 ||     3
Armor: Leather armour    |     4 |       |       |       ||     4
       Scale mail        |    37 |    71 |   245 |       ||   353
       Steam dragon scal |       |       |   120 |     1 ||   121
       Ring mail         |       |       |       |    96 ||    96
Dodge: Dodged            |    42 |    45 |   267 |    99 ||   453

Table legend: (Time is in decaauts)
 A = Elapsed time spent in this place.
 B = Non-inter-level travel time spent in this place.
 C = Inter-level travel time spent in this place.
 D = Time resting spent in this place.
 E = Time spent auto-exploring this place.
 F = Levels seen in this place.
 G = Mean time per level.
                   A        B        C        D        E       F      G
               +--------+--------+--------+--------+--------+-----+--------+
         Total |  13406 |  12893 |    513 |   1955 |   9033 |  13 | 1031.2 |
       Dungeon |  13262 |  12778 |    484 |   1955 |   8939 |  11 | 1205.6 |
        Temple |    130 |    102 |     28 |      0 |     86 |   1 |  130.0 |
  Orcish Mines |     13 |     13 |      0 |      0 |      8 |   1 |   13.0 |
               +--------+--------+--------+--------+--------+-----+--------+

Top non-repeatable levels by time:
    D:11: 2283 daAuts
    D:10: 1823 daAuts
     D:9: 1690 daAuts
     D:6: 1224 daAuts
     D:8: 1196 daAuts
     D:4: 1067 daAuts
     D:1: 930 daAuts
     D:2: 927 daAuts
     D:7: 838 daAuts
     D:5: 706 daAuts
     D:3: 572 daAuts
  Temple: 130 daAuts
   Orc:1: 13 daAuts
